Map: Terrasses de Prion

Players

Trifi

  • Race: Terran Terran
  • League: Gold
  • Spawn Location: 11:00

zidar - Winner!

  • Race: Zerg Zerg
  • League: Silver
  • Spawn Location: 5:00

VOD

Have the link to the VOD?

Description

Time

  • Played on: May 11, 2016, 2:16 p.m.
  • Length: 13:49
Show
View Real Time Build Order
Export as new Build Order

Trifi Terran 

Build Orders: Reaper Expand 

Get SALT Encoding   

  12  0:01  SCV  
  13  0:13  SCV  
  14  0:18  Supply Depot  
  14  0:25  SCV  
  15  0:40  SCV  
  15  0:42  Barracks  
  16  0:46  Refinery  
  16  0:52  SCV  
  17  1:04  SCV, Supply Depot  
  18  1:16  SCV  
  19  1:30  Reaper  
  20  1:41  Command Center  
  20  1:51  Orbital Command  
  20  2:06  Barracks  
  20  2:15  Barracks Tech Lab  
  20  2:18  SCV  
  20  2:22  Refinery  
  21  2:30  SCV  
  21  2:34  Factory  
  22  2:38  Marine  
  22  2:43  SCV  
  24  2:51  Stimpack  
  24  2:55  Orbital Command  
  24  2:58  SCV  
  25  3:01  Barracks Reactor  
  25  3:02  Marine  
  26  3:16  SCV  
  27  3:20  Marine  
  27  3:21  Orbital Command  
  28  3:36  Factory Reactor  
  28  3:37  Starport  
  28  3:38  SCV  
  29  3:43  Engineering Bay  
  29  3:44  Marine  
  29  3:45  Marine  
  29  3:46  Marine  
  32  4:02  SCV  
  33  4:14  SCV  
  33  4:18  Marine x2  
  35  4:27  Terran Infantry Weapons Level 1  
  35  4:32  SCV x2  
  35  4:38  Supply Depot  
  37  4:39  Refinery  
  37  4:42  Marine  
  37  4:43  Marine  
  39  4:49  Factory Tech Lab  
  39  4:50  Marine  
  39  4:52  Medivac x2  
  44  5:00  Marine  
  44  5:01  Supply Depot  
  44  5:02  Combat Shield  
  44  5:03  Marine  
  45  5:08  Marine  
  43  5:19  Marine  
  43  5:21  Marine, Siege Tank  
  40  5:23  Supply Depot  
  40  5:26  Marine  
  28  5:52  Marine x2  
  28  5:53  Marine  
  24  6:06  Orbital Command  
  24  6:10  Marine x3  
  24  6:11  Siege Tank  
  25  6:15  SCV  
  22  6:27  SCV  
  22  6:28  Marine  
  24  6:39  SCV  
  25  6:41  Concussive Shells  
  25  6:44  Marine x2  
  25  6:46  Siege Tank  
  30  6:51  SCV  
  30  6:52  SCV  
  32  7:03  SCV  
  32  7:04  SCV  
  34  7:13  Marine x3  
  34  7:15  SCV  
  38  7:22  Siege Tank  
  41  7:30  Marine, SCV  
  41  7:31  Marine x2  
  41  7:32  SCV  
  46  7:41  Medivac  
  46  7:42  SCV  
  46  7:44  SCV  
  50  7:48  Marine x2  
  50  7:49  Marine  
  53  7:54  SCV  
  53  7:56  SCV  
  53  7:58  Supply Depot  
  55  8:06  Marine x3, SCV  
  55  8:08  SCV  
  59  8:24  Marine x3  
  53  8:33  Siege Tank  
  56  8:35  SCV x2  
  58  8:42  Marine x2  
  58  8:43  Marauder  
  62  8:50  Terran Infantry Armor Level 1  
  62  8:54  Supply Depot  
  62  9:00  Marine x2  
  64  9:04  Marauder  
  64  9:05  Siege Tank  
  69  9:16  SCV  
  69  9:17  Marine, SCV  
  71  9:18  Marine  
  71  9:20  Supply Depot  
  73  9:25  Marauder  
  73  9:28  SCV  
  76  9:35  Marine x2  
  76  9:37  Siege Tank  
  59  9:47  Marauder  
  60  9:53  Marine x2  
  60  9:58  Medivac x2  
  66  10:02  SCV x2  
  68  10:08  Marine  
  68  10:11  Marine x2  
  71  10:26  Marauder  
  65  10:29  Marine x2  
  65  10:32  Siege Tank  
  64  10:46  Marine  
  64  10:47  Marine, Marauder  
  56  11:04  Marine x2, Siege Tank  
  56  11:09  Marauder, Medivac  
  56  11:10  SCV x2, Medivac  
  69  11:22  Marine x2, SCV  
  72  11:28  SCV  
  72  11:30  Marauder  
  75  11:34  SCV  
  75  11:36  Siege Tank  
  79  11:40  Marine x2  
  81  11:51  Marauder  
  83  11:58  Marine x2  
  85  12:12  Marine  
  86  12:19  Marine  
  86  12:20  Supply Depot  
  86  12:25  Marine, Siege Tank  
  86  12:26  Medivac  
  86  12:28  Medivac  
  84  12:30  Marine  
  84  12:37  Marine  
  84  12:43  Marine  
  68  12:48  Marine  
  69  12:54  Marine  
  69  12:57  Siege Tank  
  73  13:01  Marine  
  74  13:06  Marine  
  74  13:12  Marine  
  75  13:18  Marine  
  77  13:24  Marine  
Show
View Real Time Build Order
Export as new Build Order

zidar Zerg - Winner!

Build Orders: Hatch First 

Get SALT Encoding   

  12  0:01  Drone  
  13  0:12  Overlord  
  13  0:17  Drone  
  14  0:30  Drone x2  
  14  0:34  Drone  
  17  0:54  Hatchery  
  16  0:57  Drone  
  16  1:03  Extractor, Drone  
  17  1:20  Spawning Pool  
  17  1:22  Drone  
  17  1:28  Drone  
  18  1:47  Drone  
  18  1:50  Drone  
  18  1:51  Overlord  
  19  2:07  Queen  
  21  2:15  Queen  
  23  2:25  Drone x3  
  26  2:57  Zergling x4  
  27  3:14  Roach Warren  
  25  3:38  Overlord x3  
  25  3:47  Hatchery  
  24  3:56  Roach x8  
  24  3:57  Roach  
  42  4:09  Drone x2  
  44  4:20  Ravager x3  
  47  4:34  Drone x6  
  53  4:49  Drone x5  
  45  6:07  Drone x12  
  48  6:26  Extractor  
  47  6:42  Roach x5  
  47  6:45  Overlord x4  
  57  6:57  Extractor  
  57  6:58  Extractor  
  55  7:04  Roach  
  55  7:05  Roach x4  
  65  7:12  Ravager x3  
  65  7:15  Roach x3  
  73  7:32  Metabolic Boost  
  73  7:38  Lair  
  73  7:46  Roach x3  
  73  7:48  Queen  
  81  7:56  Extractor x2  
  79  8:08  Hatchery  
  64  8:40  Roach x11  
  64  8:41  Roach x2  
  90  8:44  Overlord  
  90  8:45  Overlord x11  
  90  9:10  Ravager x5  
  95  9:22  Drone x2  
  95  9:23  Drone  
  98  9:27  Extractor  
  98  9:28  Drone  
  98  9:29  Drone x9  
  64  9:51  Roach  
  64  9:52  Roach x12  
  78  10:15  Roach x13  
  94  10:33  Roach x7  
  94  10:34  Roach x2  
  86  11:01  Roach x3  
  86  11:02  Roach x8  
  108  11:16  Roach  
  108  11:17  Roach x6  
  122  11:26  Ravager x4  
  122  11:27  Ravager x4  
  130  11:46  Glial Reconstitution  
  130  11:51  Infestation Pit  
  129  12:02  Evolution Chamber  
  129  12:03  Evolution Chamber  
  102  12:45  Roach x6  
  102  12:46  Roach x19  
Tags
 
Add a new tag
Caveats
  • Supply blocks, unpowered buildings, or Contaminate may cause inaccurate times.
  • Supply counts are checked every 10 seconds.